 Dungeon Sprint DCSS version 0.27-a0-1431-gcffa5a9b16 (webtiles) character file.

Game seed: 16877188458444027929

51 mhtbhm the Digger (level 3, -3/19 HPs)
             Began as a Deep Elf Earth Elementalist on July 2, 2021.
             Was an Initiate of Vehumet.
             Killed from afar by an acid dragon (10 damage)
             ... with a splash of acid
             ... in the Dungeon (Sprint IX: "|||||||||||||||||||||||||||||").
             The game lasted 00:00:56 (398 turns).

mhtbhm the Digger (Deep Elf Earth Elementalist)      Turns: 398, Time: 00:00:56

Health: -3/19      AC:  6    Str:  5    XL:     3   Next: 58%
Magic:  8/12       EV: 13    Int: 23    God:    Vehumet [......]
Gold:   0          SH:  0    Dex: 15    Spells: 7/13 levels left

rFire    . . .     SeeInvis .   l - +2 morningstar (protect)
rCold    . . .     Faith    .   (no shield)
rNeg     . . .     Spirit   .   b - +0 robe
rPois    .         Reflect  .   n - +0 helmet
rElec    .         Harm     .   (no cloak)
rCorr    .         Rampage  .   m - +0 pair of gloves
Will     .....     NoTele   +   (no boots)
Stlth    ++........             (no amulet)
HPRegen  0.06/turn              o - +2 ring of protection
MPRegen  0.13/turn              p - +3 ring of intelligence

@: no status effects
A: no striking features
a: Renounce Religion


You were in the Dungeon.
You worshipped Vehumet.
Vehumet was noncommittal.
You visited 1 branch

Inventory:

Hand Weapons
 l - a +2 morningstar of protection (weapon)
Missiles
 i - 11 stones
Armour
 b - a +0 robe (worn)
 m - a +0 pair of gloves (worn)
 n - a +0 helmet (worn)
Jewellery
 o - a +2 ring of protection (left hand)
 p - a +3 ring of intelligence (right hand)
Wands
 k - a wand of iceblast (9)
Scrolls
 h - 2 scrolls of blinking
 j - 2 scrolls of amnesia
Potions
 a - a potion of invisibility
 c - 5 potions of curing
 d - a potion of heal wounds
 e - a potion of haste
 f - 3 potions of magic
 g - a potion of berserk rage


   Skills:
 + Level 0.3 Fighting
 + Level 4.3 Dodging
 + Level 3.0 Stealth
 + Level 5.5 Spellcasting
 + Level 1.2 Transmutations
 + Level 6.4 Earth Magic


You had 7 spell levels left.
You knew the following spells:

 Your Spells              Type           Power      Damage    Failure   Level
a - Sandblast             Erth           72%        2d16      1%          1
b - Passwall              Tmut/Erth      20%        N/A       2%          2
c - Stone Arrow           Conj/Erth      42%        3d9       7%          3

Your spell library contained the following spells:

 Spells                   Type           Power      Damage    Failure   Level
 Lee's Rapid Deconstruct  Erth           18%        3d12*     17%         5
 Petrify                  Tmut/Erth      24%        N/A       19%         4


Dungeon Overview and Level Annotations

Branches:
Dungeon (1/1)

Altars:
Cheibriados
Dithmenos
Elyvilon
Fedhas
Gozag
Hepliaklqana
Kikubaaqudgha
Makhleb
Nemelex Xobeh
Okawaru
Qazlal
Ru
Sif Muna
Trog
Uskayaw
Vehumet
Wu Jian
Xom
Yredelemnul
Zin
The Shining One
Beogh
Jiyva
Lugonu


Message History

The orc warrior is severely wounded.
The orc warrior hits you with a +0 battleaxe!!
Ouch! That really hurt!
* * * LOW HITPOINT WARNING * * *
Unknown command.
You feel much better. The orc warrior misses you.
Unknown command.
Casting: Sandblast (safe; 1% risk of failure)
Confirm with . or Enter, or press ? or * to list all spells.
Aiming: Sandblast (safe; 1% risk of failure)
Press: ? - help, Shift-Dir - straight line, f/p - orc warrior
Aim: an orc warrior, wielding a +0 battleaxe and wearing a +0 chain mail (severely wounded, 80% to hit)
The blast of sand hits the orc warrior.
The orc warrior is almost dead.
The orc warrior hits you but does no damage.
Unknown command.
Casting: Sandblast (safe; 1% risk of failure)
Confirm with . or Enter, or press ? or * to list all spells.
Aiming: Sandblast (safe; 1% risk of failure)
Press: ? - help, Shift-Dir - straight line, f/p - orc warrior
Aim: an orc warrior, wielding a +0 battleaxe and wearing a +0 chain mail (almost dead, 80% to hit)
The blast of sand misses the orc warrior.
The blast of sand hits the acid dragon!
The acid dragon is almost dead.
The orc warrior hits you with a +0 battleaxe!
Ouch! That really hurt!
Unknown command.
Unknown command.
Casting: Sandblast (safe; 1% risk of failure)
Confirm with . or Enter, or press ? or * to list all spells.
Aiming: Sandblast (safe; 1% risk of failure)
Press: ? - help, Shift-Dir - straight line, f/p - orc warrior
Aim: an orc warrior, wielding a +0 battleaxe and wearing a +0 chain mail (almost dead, 80% to hit)
The blast of sand hits the orc warrior!
You kill the orc warrior!
Vehumet accepts your kill. The acid dragon spits acid at you.
The splash of acid hits you!
Ouch! That really hurt!
You die...

▓.▓
▓.▓
▓)▓
▓.▓
▓.▓
▓.▓
▓[▓
▓.▓
▓@▓
▓)▓
▓D▓
▓o▓
▓c▓
▓Z▓
▓Z▓
▓.▓


You could see an orc warrior, an acid dragon (catching breath), a centaur and 2
jackal zombies.

Vanquished Creatures
  An orc warrior (D)
  An iguana (D)
  An adder (D)
  A shadow imp (D)
  An orc (D)
  A bat zombie (D)
  An endoplasm (D)
  2 goblins (D)
  2 rats (D)
11 creatures vanquished.

Notes
Turn   | Place    | Note
-------+----------+-------------------------------------------
     0 | D        | mhtbhm the Deep Elf Earth Elementalist began the quest for
                  | the Orb.
     0 | D        | Reached XP level 1. HP: 10/10 MP: 6/6
     6 | D        | Reached skill level 4 in Earth Magic
   159 | D        | Noticed an iguana
   163 | D        | Reached XP level 2. HP: 14/15 MP: 4/8
   164 | D        | Reached skill level 5 in Earth Magic
   181 | D        | Reached skill level 5 in Spellcasting
   181 | D        | Reached skill level 6 in Earth Magic
   181 | D        | Reached XP level 3. HP: 8/19 MP: 9/11
   197 | D        | Found a snail-covered altar of Cheibriados.
   197 | D        | Found a shadowy altar of Dithmenos.
   197 | D        | Found a white marble altar of Elyvilon.
   197 | D        | Found a blossoming altar of Fedhas.
   197 | D        | Found an opulent altar of Gozag.
   198 | D        | Found a hazy altar of Hepliaklqana.
   199 | D        | Found a viscous altar of Jiyva.
   200 | D        | Found an ancient bone altar of Kikubaaqudgha.
   201 | D        | Found a corrupted altar of Lugonu.
   202 | D        | Found a burning altar of Makhleb.
   203 | D        | Found a sparkling altar of Nemelex Xobeh.
   204 | D        | Found an iron altar of Okawaru.
   205 | D        | Found a stormy altar of Qazlal.
   206 | D        | Found a sacrificial altar of Ru.
   207 | D        | Found a shimmering blue altar of Sif Muna.
   208 | D        | Found a bloodstained altar of Trog.
   209 | D        | Found a hide-covered altar of Uskayaw.
   210 | D        | Found a radiant altar of Vehumet.
   211 | D        | Found an ornate altar of the Wu Jian Council.
   212 | D        | Found a shimmering altar of Xom.
   213 | D        | Found a basalt altar of Yredelemnul.
   214 | D        | Found a glowing silver altar of Zin.
   215 | D        | Found a glowing golden altar of the Shining One.
   218 | D        | Became a worshipper of Vehumet
   223 | D        | Learned a level 2 spell: Passwall
   227 | D        | Learned a level 3 spell: Stone Arrow
   392 | D        | Noticed an orc warrior
   392 | D        | Noticed an acid dragon
   392 | D        | Noticed an orc warrior
   392 | D        | Noticed a centaur
   398 | D        | Killed an orc warrior
   398 | D        | Killed from afar by an acid dragon

Illustrated notes

Levels and vault maps discovered:
D:        linesprint [early_d, line_temple, items_1, d_10, items_2, lair_1,
          lair_end, items_3, orc_1, orc_end, items_4, d_15, swamp_1, shoals_1,
          snake_1, spider_1, d_20, vaults_1, items_5, swamp_end, shoals_end,
          snake_end, spider_end, vaults_end, d_27, items_6, zot_1, zot_end,
          crypt_end, forest_end, elf_end, slime_end, tomb_end, abyss_end,
          pan_hell_end]

Skill      XL: |  1  2 |
---------------+-------+-----
Earth Magic    | 4 6 |  6.4
Dodging        | 3 4 |  4.3
Spellcasting   | 5 |  5.5
Stealth        | 3 |  3.0
Fighting       | |  0.3
Transmutations | |  1.2

Action                   || total
-------------------------++-------
 Cast: Sandblast         ||    19
Evoke: Wand              ||     1
  Use: Potion            ||     3
Armor: Robe              ||     2
Dodge: Dodged            ||     5

Table legend: (Time is in decaauts)
 A = Elapsed time spent in this place.
 B = Non-inter-level travel time spent in this place.
 C = Inter-level travel time spent in this place.
 D = Time resting spent in this place.
 E = Time spent auto-exploring this place.
 F = Levels seen in this place.
 G = Mean time per level.
                   A        B        C        D        E       F      G
               +--------+--------+--------+--------+--------+-----+--------+
         Total |    396 |    396 |      0 |    273 |      3 |   1 |  396.0 |
       Dungeon |    396 |    396 |      0 |    273 |      3 |   1 |  396.0 |
               +--------+--------+--------+--------+--------+-----+--------+

Top non-repeatable levels by time:
       D: 396 daAuts
